 Dungeon Crawl Stone Soup version 0.30-a0-465-g8901f6c8b5 (webtiles) character file.

Game seed: 3466066363681729209

6291 arthad the Geomancer (level 10, 0/58 HPs)
             Began as a Gargoyle Earth Elementalist on Dec 19, 2022.
             Was a Believer of Sif Muna.
             Slain by a warg (8 damage)
             ... on level 9 of the Dungeon.
             The game lasted 00:34:22 (8572 turns).

arthad the Geomancer (Gargoyle Earth Elementalist)  Turns: 8572, Time: 00:34:22

Health: 0/58       AC: 21    Str: 12    XL:     10   Next: 94%
Magic:  9/27       EV: 11    Int: 20    God:    Sif Muna [**....]
Gold:   422        SH:  0    Dex: 10    Spells: 13/20 levels left

rFire   . . .      SeeInvis .    e - staff of earth
rCold   . . .      Faith    .    (no shield)
rNeg    + + .      Spirit   .    k - quicksilver dragon scales
rPois   ∞          Reflect  .    m - +1 helmet
rElec   +          Harm     .    f - +0 cloak
rCorr   .          Rampage  .    (no gloves)
Will    +....                    (no boots)
Stlth   ++........               (no amulet)
HPRegen 0.29/turn                i - ring of positive energy
MPRegen 0.20/turn                C - ring of magical power

@: no status effects
A: sickness immunity, AC +7, negative energy resistance 1, electricity
resistance, torment resistance 1, petrification resistance
a: Renounce Religion, Channel Magic


You were on level 9 of the Dungeon.
You worshipped Sif Muna.
Sif Muna was pleased with you.
You visited 1 branch of the dungeon, and saw 9 of its levels.

You collected 630 gold pieces.
You spent 208 gold pieces at shops.

Inventory:

Hand Weapons
 c - a +2 rapier of speed
 l - a +0 dagger
 p - a +2 spectral quarterstaff
 s - the +6 falchion "Vaonim" {vorpal, rCorr}
   (You bought it in a shop on level 4 of the Dungeon)

   It inflicts extra damage upon your enemies.
   rCorr:     It protects you from acid and corrosion.
 y - a +2 scimitar of flaming
Missiles
 o - 17 poisoned darts
Armour
 a - a +0 robe
 f - a +0 cloak (worn)
 k - quicksilver dragon scales (worn)
 m - a +1 helmet (worn)
Magical Staves
 e - a staff of earth (weapon)
 t - a staff of air
Jewellery
 i - a ring of positive energy (left hand)
 x - a ring of flight
 C - a ring of magical power (right hand)
 J - an amulet of faith
Wands
 q - a wand of iceblast (13)
 w - a wand of flame (27)
Scrolls
 h - 2 scrolls of blinking
 j - a scroll of enchant armour
 G - a scroll of fear {unknown}
 H - a scroll of acquirement {unknown}
 I - 2 scrolls of identify
Potions
 b - a potion of magic
 d - 2 potions of degeneration
 g - 2 potions of lignification
 n - a potion of cancellation
 r - a potion of curing
 u - a potion of haste
 v - a potion of mutation {unknown}
 z - a potion of ambrosia {unknown}
 A - 3 potions of flight
 B - a potion of heal wounds {unknown}
 D - 2 potions of brilliance {unknown}
 E - a potion of berserk rage {unknown}
 F - 2 potions of attraction {unknown}


   Skills:
 + Level 4.5 Fighting
 + Level 4.0 Staves
 + Level 4.2 Armour
 + Level 3.9 Dodging
 + Level 5.9 Stealth
 * Level 5.9 Spellcasting
 * Level 6.5 Conjurations
 + Level 3.6 Transmutations
 * Level 8.3 Earth Magic
 + Level 2.9 Poison Magic
 * Level 5.2 Invocations


You had 13 spell levels left.
You knew the following spells:

 Your Spells              Type           Power      Damage    Failure   Level
a - Sandblast             Erth           100%       2d20      1%          1
b - Sting                 Tmut/Pois      76%        1d6       6%          1
c - Stone Arrow           Conj/Erth      100%       3d13      3%          3
d - Poisonous Vapours     Pois/Air       22%        N/A       19%         2

Your spell library contained the following spells:

 Spells                   Type           Power      Damage    Failure   Level
 Passwall                 Tmut/Erth      36%        N/A       3%          2
 Petrify                  Tmut/Erth      44%        N/A       19%         4
 Ignite Poison            Fire/Tmut/Pois 14%        N/A       26%         3
 Olgreb's Toxic Radiance  Pois           17%        N/A       54%         4
 Gell's Gravitas          Tloc           5%         N/A       56%         3
 Kindle Blastsparks       Fire/Tloc/Air  10%        2d10      56%         3
 Lesser Beckoning         Tloc           10%        N/A       56%         3
 Summon Guardian Golem    Hex/Summ       5%         N/A       56%         3
 Teleport Other           Tloc           5%         N/A       56%         3
 Irradiate                Conj/Tmut      13%        3d16      61%         5
 Blade Hands              Tmut           10%        N/A       80%         5
 Freezing Cloud           Conj/Ice/Air   7%         6-21      94%         5
 Dragon Form              Tmut           10%        N/A       100%        7
 Orb of Destruction       Conj           16%        9d7       100%        7
 Spellforged Servitor     Conj/Summ      9%         N/A       100%        7


Dungeon Overview and Level Annotations

Branches:
Dungeon (9/15)             Temple (0/1) D:7
   Lair: D:8-11         Orc: D:9-12

Altars:
Ashenzari
Cheibriados
Fedhas
Makhleb
Nemelex Xobeh
Sif Muna
Uskayaw
Vehumet
Xom

Shops:
D:4 (   D:7 :

Annotations:
D:3 3 runed translucent doors, yumyumyeen's ghost, amateur MiMo


Innate Abilities, Weirdness & Mutations

You are immune to sickness and miasma.
Your stone body is resilient. (AC +7)
You are immune to poison.
You resist negative energy. (rN+)
You are resistant to electric shocks. (rElec)
You are resistant to unholy torment.
You are immune to petrification.


Message History

You feel a surge of power!
The stone arrow hits the orc warrior!
The orc warrior is heavily wounded.
The warg completely misses you.
The orc warrior unwields a +0 arbalest.
The orc warrior wields a +0 mace.
The orc warrior hits you with a +0 mace.
* * * LOW HITPOINT WARNING * * *
Unknown command.
Casting: Stone Arrow (dangerous; 3% risk of failure)
Confirm with . or Enter, or press ? or * to list all spells.
Aiming: Stone Arrow (dangerous; 3% risk of failure)
Press: ? - help, Shift-Dir - straight line, f/p - orc warrior
Aim: an orc warrior, wielding a +0 mace and wearing a +0 chain mail (heavily wounded, 75% to hit)
You feel a surge of power!
The stone arrow hits the orc warrior!
The orc warrior is almost dead.
The warg bites you!
* * * LOW HITPOINT WARNING * * *
The orc warrior hits you but does no damage.
The warg bites you but does no damage.
Unknown command.
Casting: Stone Arrow (dangerous; 3% risk of failure)
Confirm with . or Enter, or press ? or * to list all spells.
Aiming: Stone Arrow (dangerous; 3% risk of failure)
Press: ? - help, Shift-Dir - straight line, f/p - orc warrior
Aim: an orc warrior, wielding a +0 mace and wearing a +0 chain mail (almost dead, 75% to hit)
You feel a surge of power!
The stone arrow hits the orc warrior!
You kill the orc warrior!
Sif Muna accepts your kill.
The orc priest begins to cast a cantrip, but forgets the words!
The warg bites you but does no damage.
Your Staves skill increases to level 4!
Unknown command.
Casting: Stone Arrow (dangerous; 3% risk of failure)
Confirm with . or Enter, or press ? or * to list all spells.
Okay, then.
There is a stone staircase leading up here.
Unknown command.
Unknown command.
Unknown command.
The warg bites you!
You die...

......oo.)##...#
...............#.#
......##oo.....#.#
##....##.......#.#
#.............#.#
.........).o.....##
....#....##oo.....##
......####h))......#
.......@o........#
.#...........)...#
............)....#
...........).....#
.................#
...>.............#
..#....#.........#
..#....#.........#
#... #.........#


You could see a warg, 2 orc priests and 2 orcs.

Vanquished Creatures
  Erica (D:8)
  Joseph (D:7)
  Grinder (D:5)
  A hornet (D:9)
  A human (D:9)
  6 yaks
  A steam dragon (D:9)
  2 water moccasins
  An ice beast (D:6)
  5 orc warriors
  2 sky beasts
  2 ogres
  2 centaurs
  A phantom (D:6)
  A kobold brigand (D:9)
  6 bullfrogs
  2 necrophages
  3 scorpions
  5 wights (D:8)
  8 killer bees (D:8)
  3 crimson imps (D:6)
  4 orc priests
  2 gnoll boudas
  A hound (D:5)
  2 jellies
  3 iguanas
  17 orc wizards
  Robin (D:4)
  9 gnolls
  10 adders
  2 shadow imps (D:5)
  A white imp (D:6)
  An ufetubus (D:6)
  3 worms
  A dart slug (D:2)
  37 orcs
  4 endoplasms
  5 giant cockroaches
  20 goblins
  11 hobgoblins
  3 jackals (D:1)
  3 ball pythons (D:2)
  7 bats
  4 frilled lizards
  10 kobolds
  7 rats
223 creatures vanquished.

Vanquished Creatures (others)
  4 fungi (D:2)
  10 plants
14 creatures vanquished.

Grand Total: 237 creatures vanquished

Notes
Turn   | Place    | Note
-------+----------+-------------------------------------------
     0 | D:1      | arthad the Gargoyle Earth Elementalist began the quest for
                  | the Orb.
     0 | D:1      | Reached XP level 1. HP: 10/10 MP: 3/3
    99 | D:1      | Reached XP level 2. HP: 16/16 MP: 0/5
   848 | D:1      | Reached skill level 1 in Transmutations
   968 | D:1      | Reached XP level 3. HP: 20/20 MP: 3/6
  1195 | D:2      | Reached skill level 4 in Earth Magic
  1399 | D:2      | Found a faded altar of an unknown god.
  1558 | D:2      | You fall into a shaft and drop 2 floors!
  1558 | D:4      | Found a sparkling altar of Nemelex Xobeh.
  1577 | D:4      | Noticed Robin
  1585 | D:4      | Killed Robin
  1586 | D:4      | Reached skill level 1 in Conjurations
  1586 | D:4      | Reached XP level 4. HP: 16/24 MP: 3/7
  1730 | D:4      | Noticed a necrophage
  1739 | D:4      | Killed a necrophage
  1740 | D:4      | Reached skill level 1 in Fighting
  1740 | D:4      | Reached XP level 5. HP: 29/29 MP: 4/9
  1894 | D:3      | Found a snail-covered altar of Cheibriados.
  1957 | D:3      | Reached skill level 1 in Staves
  2626 | D:3      | Found a runed translucent gate.
  2626 | D:3      | Found a runed translucent gate.
  2626 | D:3      | Found a runed translucent gate.
  2628 | D:3      | Noticed yumyumyeen's ghost (amateur MiMo)
  2636 | D:3      | Identified the +6 hand axe of the Final Chapter {flame,
                  | Int+3}
  2636 | D:3      | Identified the +0 ring mail "Vaisty Zeulo" {+Inv rF+ Str+4
                  | Int+3}
  3198 | D:3      | Reached skill level 1 in Armour
  3200 | D:3      | Reached XP level 6. HP: 22/34 MP: 2/10
  3576 | D:4      | Learned a level 1 spell: Sting
  3580 | D:4      | Learned a level 3 spell: Stone Arrow
  3751 | D:4      | Noticed a water moccasin
  3756 | D:4      | Killed a water moccasin
  3757 | D:4      | Reached skill level 5 in Earth Magic
  3757 | D:4      | Reached XP level 7. HP: 26/39 MP: 5/12
  3808 | D:4      | Found a burning altar of Makhleb.
  3866 | D:4      | Found Pestriorr's Antique Weapon Boutique.
  3871 | D:4      | Bought a crude falchion for 208 gold pieces
  3871 | D:4      | Identified the +6 falchion "Vaonim" {vorpal, rCorr} (You
                  | bought it in a shop on level 4 of the Dungeon)
  4108 | D:4      | Found a radiant altar of Vehumet.
  4325 | D:5      | Entered Level 5 of the Dungeon
  4337 | D:5      | Noticed Grinder
  4397 | D:5      | Killed Grinder
  4398 | D:5      | Reached XP level 8. HP: 42/45 MP: 4/13
  4879 | D:5      | Found a shimmering blue altar of Sif Muna.
  4924 | D:5      | Became a worshipper of Sif Muna the Loreminder
  5226 | D:6      | Learned a level 2 spell: Poisonous Vapours
  5256 | D:6      | Reached skill level 6 in Earth Magic
  5310 | D:6      | Reached skill level 1 in Invocations
  5613 | D:6      | Reached skill level 1 in Poison Magic
  5644 | D:6      | Reached XP level 9. HP: 49/49 MP: 8/15
  5844 | D:6      | Found a hide-covered altar of Uskayaw.
  6155 | D:6      | Found a shimmering altar of Xom.
  6242 | D:7      | Reached * piety under Sif Muna
  6467 | D:7      | Found Fojefiul's Self-Improvement Boutique.
  6622 | D:7      | Found a blossoming altar of Fedhas.
  6657 | D:7      | Noticed Joseph
  6677 | D:7      | Killed Joseph
  6678 | D:7      | Reached skill level 5 in Conjurations
  6678 | D:7      | Reached skill level 7 in Earth Magic
  6819 | D:7      | Reached skill level 5 in Spellcasting
  6895 | D:7      | Reached skill level 5 in Stealth
  6959 | D:7      | Found a staircase to the Ecumenical Temple.
  7104 | D:7      | Found a broken altar of Ashenzari.
  7404 | D:8      | Reached XP level 10. HP: 42/56 MP: 17/17
  7572 | D:8      | Noticed Erica
  7604 | D:8      | Killed Erica
  7856 | D:8      | Reached ** piety under Sif Muna
  8337 | D:9      | Reached skill level 8 in Earth Magic
  8375 | D:9      | Reached skill level 5 in Invocations
  8572 | D:9      | Slain by a warg

Illustrated notes

Levels and vault maps discovered:
D:1:      minmay_arrival_semitransparent, layout_basic, grunt_decor_fettered
D:2:      layout_basic, shapermc_ecumenical_altar_mp_urbaneastern
D:3:      layout_basic, mainiacjoe_overflow_tiny_flanked,
          biasface_ghost_orc_armoury, minmay_door_square
D:4:      cheibrodos_old_hovel, layout_rooms, general_overflow_altar,
          lemuel_tele_altar, marbit_many_paths, serial_shops,
          nicolae_shop_stone, nicolae_figureground_pulse, uniq_robin
D:5:      layout_rooms, mainiacjoe_overflow_24_doors, minivault_27, uniq_grinder
D:6:      layout_loops_cross, nicolae_uskayaw_murder_on_the_dancefloor,
          led_xom_imps, hangedman_decor_lopped
D:7:      layout_loops_corners, evilmike_ruin_ashenzari,
          mainiacjoe_overflow_chevrons, minmay_temple_entry_poolview,
          corexii_checkpoint_a, nicolae_shop_self_help, uniq_joseph
D:8:      layout_rooms, uniq_erica
D:9:      layout_rooms, mainiacjoe_overflow_concentric_impassable, erik_orc_4,
          chequers_serial_rivers_small_3, serial_bayou_lake_a

Skill      XL: |  1  2  3  4  5  6  7  8  9 10 |
---------------+-------------------------------+-----
Transmutations | 1 2 3 |  3.6
Earth Magic    | 4 5 6 7 8 |  8.3
Conjurations   | 1 2 3 4 5 6 |  6.5
Fighting       | 1 2 3 4 |  4.5
Dodging        | 2 3 |  3.9
Staves         | 1 2 3 4 |  4.0
Stealth        | 3 4 5 |  5.9
Armour         | 1 2 3 4 |  4.2
Spellcasting   | 3 4 5 |  5.9
Invocations    | 1 3 5 |  5.2
Poison Magic   | 1 2 |  2.9

Action                   |  1- 3 |  4- 6 |  7- 9 | 10-12 || total
-------------------------+-------+-------+-------+-------++-------
Melee: Staff             |    18 |    10 |     3 |     1 ||    32
 Cast: Sandblast         |    41 |    85 |   143 |    85 ||   354
       Stone Arrow       |       |       |    12 |    22 ||    34
       Poisonous Vapours |       |       |     2 |     3 ||     5
Evoke: Wand              |       |       |     6 |       ||     6
  Use: Scroll            |       |       |     9 |     3 ||    12
       Potion            |       |       |     1 |     3 ||     4
Armor: Robe              |     8 |       |       |       ||     8
       Quicksilver drago |     8 |    33 |    71 |    89 ||   201
Dodge: Dodged            |    28 |    41 |    58 |    70 ||   197

Table legend: (Time is in decaauts)
 A = Elapsed time spent in this place.
 B = Non-inter-level travel time spent in this place.
 C = Inter-level travel time spent in this place.
 D = Time resting spent in this place.
 E = Time spent auto-exploring this place.
 F = Levels seen in this place.
 G = Mean time per level.
                   A        B        C        D        E       F      G
               +--------+--------+--------+--------+--------+-----+--------+
         Total |   8761 |   8503 |    258 |   1027 |   6041 |   9 |  973.4 |
       Dungeon |   8761 |   8503 |    258 |   1027 |   6041 |   9 |  973.4 |
               +--------+--------+--------+--------+--------+-----+--------+

Top non-repeatable levels by time:
     D:3: 1323 daAuts
     D:7: 1198 daAuts
     D:8: 1114 daAuts
     D:1: 1095 daAuts
     D:2: 1092 daAuts
     D:6: 1037 daAuts
     D:4: 887 daAuts
     D:5: 874 daAuts
     D:9: 137 daAuts
